 Dungeon Sprint DCSS version 0.26-b1-59-ge38874ec40 (webtiles) character file.

Game seed: 7125814901034085985

7821 radhat240 the Tortoise (level 11, -1/114 HPs)
             Began as a Minotaur Fighter on Jan 8, 2021.
             Engulfed by a cloud of flame (20 damage)
             ... in the Dungeon (Sprint V: "Ziggurat Sprint").
             The game lasted 00:06:56 (392 turns).

radhat240 the Tortoise (Minotaur Fighter)            Turns: 392, Time: 00:06:56

Health: -1/114     AC: 32    Str: 35    XL:     11   Next: 1%
Magic:  10/10      EV:  4    Int:  5    God:
Gold:   0          SH: 33    Dex: 11    Spells: 10/10 levels left

rFire    . . .     SeeInvis +   B - +14 obsidian axe {vorpal, +Fly SInv *Curse} (curse)
rCold    . . .     Faith    .   D - +18 shield of the Gong {rElec rN+ Will+ EV-5}
rNeg     + . .     Spirit   .   C - +15 Maxwell's patent armour {-Cast -Tele rElec Will+ rCorr}
rPois    .         Reflect  .   (helmet restricted)
rElec    +         Harm     .   (no cloak)
rCorr    +         Rampage  .   (no gloves)
Will     ++...     NoTele   +   (no boots) Stlth ..........NoCast +
                                (no amulet)
HPRegen  0.29/turn              z - +6 ring of strength
MPRegen  0.12/turn              A - +6 ring of strength

@: lethally poisoned (-1 -> -6), mesmerised
A: retaliatory headbutt, horns 2
a: Evoke Flight


You were in the Dungeon.
You visited 1 branch

Inventory:

Hand Weapons
 B - the cursed +14 obsidian axe (weapon) {vorpal, +Fly SInv *Curse}
   (You found it in the Dungeon)

   It inflicts extra damage upon your enemies.
   It lets you see invisible.
   It lets you fly.
   It curses itself when equipped.
   It has a curse placed upon it.
Armour
 C - the +15 Maxwell's patent armour (worn) {-Cast -Tele rElec Will+ rCorr}
   (You found it in the Dungeon)

   It insulates you from electricity.
   It affects your willpower, your defense against some magical effects.
   It prevents spellcasting.
   It prevents most forms of teleportation.
   It provides partial protection from all sources of acid and corrosion.
 D - the +18 shield of the Gong (worn) {rElec rN+ Will+ EV-5}
   (You found it in the Dungeon)

   It affects your evasion (-5).
   It insulates you from electricity.
   It protects you from negative energy.
   It affects your willpower, your defense against some magical effects.
Jewellery
 k - an uncursed ring of magical power
 u - an uncursed ring of flight
 v - a +6 ring of dexterity
 w - a +6 ring of dexterity
 x - a +6 ring of intelligence
 y - a +6 ring of intelligence
 z - a +6 ring of strength (left hand)
 A - a +6 ring of strength (right hand)
Wands
 r - a wand of disintegration (7)
 s - a wand of iceblast (7)
 t - a wand of acid (7)
Scrolls
 j - 4 scrolls of blinking
 l - 4 scrolls of amnesia
 m - 7 scrolls of fog
 n - a scroll of holy word
 o - 5 scrolls of identify
 p - 5 scrolls of remove curse
 q - 2 scrolls of fear
Potions
 a - 2 potions of brilliance
 b - 2 potions of invisibility
 c - 4 potions of resistance
 d - 6 potions of might
 e - 10 potions of curing
 f - 10 potions of heal wounds
 g - 6 potions of haste
 h - 7 potions of magic
 i - 3 potions of berserk rage


   Skills:
 + Level 15.7 Fighting
 + Level 15.5 Axes
 + Level 15.7 Armour
 + Level 15.7 Shields


You had 10 spell levels left.
You didn't know any spells.
Your spell library was empty.

Dungeon Overview and Level Annotations

Branches:
Dungeon (1/1)

Altars:
Ashenzari
Cheibriados
Dithmenos
Elyvilon
Fedhas
Gozag
Hepliaklqana
Kikubaaqudgha
Makhleb
Nemelex Xobeh
Okawaru
Qazlal
Ru
Sif Muna
Trog
Uskayaw
Vehumet
Wu Jian
Xom
Yredelemnul
Zin
The Shining One
Beogh
Jiyva
Lugonu

Annotations:
D 1 transporter


Innate Abilities, Weirdness & Mutations

You reflexively headbutt those who attack you in melee.
You have a pair of horns on your head.


Message History

Your chaos spawn gores the vault guard but does no damage.
The red draconian breathes fire at you. The searing blast misses you.
You block the black mamba's attack.
SHROANNG!
You slash the red draconian! You headbutt the red draconian.
You break out of your daze!
You kill the red draconian!
You slice the black mamba!!
You kill the black mamba!
The black mamba's shape twists and changes as it dies.
Visions of slaying the vault guard flood into your mind.
You are engulfed in blazing flames.
You feel sick.
Your chaos spawn barely misses the vault guard.
The vault guard hits your chaos spawn with a +2 battleaxe!!
Your chaos spawn dies!
Your chaos spawn degenerates into a cloud of primal chaos!
You have reached level 11!
You cannot move away from the vault guard!
You are engulfed in blazing flames.
You die...

...©....▓...©†...▓
▓▓▓▓▓▓▓▓▓▓▓▓▓▓▓▓▓▓
▓..8©8..▓
▓..))...▓
▓..[}[..▓
▓.......▓
▓.......▓
▓.....3§▓
▓.....)@▓
▓.▓..(▓.▓
▓...©..p▓
▓▓▓▓▓▓▓▓▓


You could see a vault guard (mesmerising) and a friendly sixfirhy (summoned).

Vanquished Creatures
  An orc warlord (D)
  A red draconian (D)
  A fire dragon (D)
  A vault guard (D)
  An ironbrand convoker (D)
  2 toenail golems (D)
  A black mamba (shapeshifter) (D)
  A yaktaur (D)
  An ice devil (D)
  2 merfolk (D)
  2 jumping spiders (D)
  A wyvern (shapeshifter) (D)
  A fire bat (shapeshifter) (D)
  A tarantella (D)
  A warg (shapeshifter) (D)
  3 scorpions (D)
  A wight (D)
22 creatures vanquished.

Vanquished Creatures (collateral kills)
  2 toenail golems (D)
  A naga mage (D)
  2 merfolk (D)
  A scorpion (D)
6 creatures vanquished.

Grand Total: 28 creatures vanquished

Notes
Turn   | Place    | Note
-------+----------+-------------------------------------------
     0 | D        | radhat240 the Minotaur Fighter began the quest for the Orb.
     0 | D        | Reached XP level 1. HP: 19/19 MP: 0/0
    13 | D        | Found a blossoming altar of Fedhas.
    13 | D        | Banished a spatial maelstrom
    14 | D        | Found the +6 Majin-Bo {vamp, MP+6 Int+6}
    14 | D        | Found the +9 heavy crossbow "Sniper" {vorpal, Acc+∞ SInv}
    14 | D        | Found the +10 dark maul {vorpal}
    14 | D        | Found the +15 Maxwell's patent armour {-Cast -Tele rElec
                  | Will+ rCorr}
    14 | D        | Found the +18 shield of the Gong {rElec rN+ Will+ EV-5}
    14 | D        | Found the cursed +14 obsidian axe {vorpal, +Fly SInv
                  | *Curse}
    14 | D        | Found the +7 great mace "Firestarter" {inner flame, rF++}
    14 | D        | Found the +6 shillelagh "Devastator" {shatter}
    14 | D        | Found the +11 plutonium sword {*Contam Stlth-}
    14 | D        | Found the +8 lance "Wyrmbane" {slay drac, rPois rF+ rC+
                  | AC+3}
    14 | D        | Found the +9 sword of Zonguldrok {reap}
    14 | D        | Found the cursed +13 scythe of Curses {drain, *Curse}
    14 | D        | Found the +5 sword of Power {vorpal}
    14 | D        | Found the +7 mace of Variability {chain chaos}
    14 | D        | Found the +7 Singing Sword {vorpal, sonic wave}
    14 | D        | Found the +8 storm bow {elec, penet}
    14 | D        | Found a shimmering blue altar of Sif Muna.
    14 | D        | Found a sacrificial altar of Ru.
    14 | D        | Found a bloodstained altar of Trog.
    14 | D        | Found a stormy altar of Qazlal.
    14 | D        | Found an iron altar of Okawaru.
    14 | D        | Found a sparkling altar of Nemelex Xobeh.
    16 | D        | Found a transporter.
    16 | D        | Found an ancient bone altar of Kikubaaqudgha.
    16 | D        | Found a viscous altar of Jiyva.
    16 | D        | Found a corrupted altar of Lugonu.
    16 | D        | Found a hazy altar of Hepliaklqana.
    16 | D        | Found a burning altar of Makhleb.
    16 | D        | Found an opulent altar of Gozag.
    20 | D        | Banished a spatial maelstrom
    59 | D        | Reached skill level 5 in Fighting
    59 | D        | Reached skill level 5 in Axes
    59 | D        | Reached skill level 5 in Armour
    59 | D        | Reached skill level 5 in Shields
    59 | D        | Reached XP level 2. HP: 30/30 MP: 1/1
    65 | D        | Entered arena 2.
    65 | D        | Noticed a scorpion
    65 | D        | Noticed a tarantella
    65 | D        | Found a transporter.
    69 | D        | Killed a tarantella
    70 | D        | Reached XP level 3. HP: 39/40 MP: 2/2
    70 | D        | Reached XP level 4. HP: 47/48 MP: 3/3
    70 | D        | Reached XP level 5. HP: 52/53 MP: 4/4
    76 | D        | Entered arena 3.
    76 | D        | Noticed a fire bat
    76 | D        | Noticed a wyvern
    76 | D        | Noticed a steam dragon
    76 | D        | Found a transporter.
    77 | D        | Found the +7 lajatang of Order {silver, rMut}
    80 | D        | Killed a wyvern
    81 | D        | Reached XP level 6. HP: 46/63 MP: 5/5
    81 | D        | Noticed a warg
    81 | D        | a steam dragon changed into a warg
    83 | D        | Killed a fire bat
    84 | D        | Killed a warg
    85 | D        | Reached skill level 10 in Fighting
    85 | D        | Reached skill level 10 in Armour
    85 | D        | Reached skill level 10 in Shields
    85 | D        | Reached XP level 7. HP: 53/72 MP: 6/6
    90 | D        | Entered arena 4.
    90 | D        | Noticed a toenail golem
    90 | D        | Noticed a toenail golem
    90 | D        | Noticed a toenail golem
    90 | D        | Noticed a toenail golem
    90 | D        | Found a transporter.
    95 | D        | Killed a toenail golem
    96 | D        | Reached skill level 10 in Axes
    99 | D        | Killed a toenail golem
    99 | D        | Killed a toenail golem
    99 | D        | Killed a toenail golem
   100 | D        | Reached XP level 8. HP: 54/83 MP: 7/7
   229 | D        | Entered arena 5.
   229 | D        | Noticed a merfolk
   229 | D        | Noticed a merfolk
   229 | D        | Noticed a merfolk
   229 | D        | Noticed a merfolk
   229 | D        | Found a transporter.
   237 | D        | Killed a merfolk
   238 | D        | Reached XP level 9. HP: 66/91 MP: 8/8
   238 | D        | Killed a merfolk
   238 | D        | Killed a merfolk
   240 | D        | Killed a merfolk
   345 | D        | Entered arena 6.
   345 | D        | Noticed a jumping spider
   345 | D        | Noticed a jumping spider
   345 | D        | Found a transporter.
   347 | D        | Killed a jumping spider
   349 | D        | Killed a jumping spider
   363 | D        | Entered arena 7.
   363 | D        | Noticed a fire dragon
   363 | D        | Noticed an ironbrand convoker
   363 | D        | Noticed a vault guard
   363 | D        | Noticed a yaktaur
   363 | D        | Noticed a vault guard
   363 | D        | Noticed a black mamba
   364 | D        | Identified the +7 short sword "Naumuts" {venom, *Slow +Rage
                  | rN+ MP+9}
   367 | D        | Noticed a red draconian
   367 | D        | Noticed an ice devil
   367 | D        | Noticed an orc warlord
   368 | D        | Found a transporter.
   368 | D        | Noticed a naga mage
   371 | D        | Killed a fire dragon
   374 | D        | Killed a yaktaur
   375 | D        | Reached XP level 10. HP: 99/103 MP: 9/9
   378 | D        | Killed an orc warlord
   378 | D        | Killed a vault guard
   379 | D        | Reached skill level 15 in Fighting
   379 | D        | Reached skill level 15 in Armour
   379 | D        | Reached skill level 15 in Shields
   381 | D        | Killed a naga mage
   385 | D        | Reached skill level 15 in Axes
   386 | D        | Killed an ironbrand convoker
   391 | D        | Killed a red draconian
   391 | D        | Killed a black mamba
   392 | D        | Reached XP level 11. HP: 19/114 MP: 10/10
   392 | D        | Engulfed by a cloud of flame

Illustrated notes

Levels and vault maps discovered:
D:        sprint_v [room_start, room_1, room_2, room_3, room_4, room_5, room_6,
          room_7, room_8, room_9, room_10, room_11, room_12, room_13, room_14,
          room_15, room_16, room_17, room_18, room_19, room_20, room_21,
          room_22, room_23, room_24, room_25, room_26, room_27]

Skill      XL: |  1  2  3  4  5  6  7  8  9 10 |
---------------+-------------------------------+-----
Fighting       | 5 7 9 10 12 14 15 | 15.7
Axes           | 5 7 8 9 12 13 15 | 15.5
Armour         | 5 7 9 10 12 14 15 | 15.7
Shields        | 5 7 9 10 12 14 15 | 15.7

Action                   |  1- 3 |  4- 6 |  7- 9 | 10-12 || total
-------------------------+-------+-------+-------+-------++-------
Melee: Broad axe         |     4 |     5 |    25 |    15 ||    49
       Headbutt          |       |     1 |     7 |     6 ||    14
  Use: Potion            |     1 |       |       |       ||     1
Armor: Plate armour      |     4 |     5 |    23 |     9 ||    41
Dodge: Dodged            |       |       |     4 |     3 ||     7
Block: Kite shield       |     7 |    12 |    61 |    23 ||   103
